 Dungeon Sprint DCSS version 0.19-a0-1827-g174f941 (webtiles) character file.

2300000 Theye the Conqueror (level 22, -29/169 HPs)
             Began as a Gargoyle Chaos Knight on Oct 7, 2016.
             Was the Champion of Makhleb.
             Annihilated by a destroyer
             ... wielding a +9 great sword of slicing
              (37 damage)
             ... in the Dungeon (Sprint VIII: "Arena of Blood").
             The game lasted 00:00:41 (23 turns).

Theye the Conqueror (Gargoyle Chaos Knight)           Turns: 23, Time: 00:00:42

Health: -29/169    AC: 25    Str: 18    XL:     22   Next: 12%
Magic:  19/47      EV: 32    Int: 14    God:    Makhleb [******]
Gold:   0          SH:  0    Dex: 16    Spells: 0 memorised, 63 levels left

rFire  . . .     SeeInvis .     j - +∞ Axe of Woe
rCold  . . .     Gourm    .     b - +2 leather armour
rNeg   + . .     Faith    .     (shield currently unavailable)
rPois  ∞         Spirit   .     (no helmet)
rElec  +         Dismiss  .     (no cloak)
rCorr  .         Reflect  .     (no gloves)
MR     +....     Harm     .     (no boots)
Stlth  +++++++++. NoTele   +    (no amulet)
                                (no ring)
                                (no ring)

@: no status effects
A: big wings, negative energy resistance 1, electricity resistance, unbreathing,
petrification resistance, rot immunity, AC +16
a: Fly, Minor Destruction, Lesser Servant of Makhleb, Major Destruction, Greater
Servant of Makhleb, Renounce Religion


You were in the Dungeon.
You worshipped Makhleb.
Makhleb was exalted by your worship.
You were not hungry.

You visited 1 branch

Inventory:

Hand Weapons
 a - a +0 hand axe of chaos
 j - the +∞ Axe of Woe (weapon)
   (You found it in the Dungeon)
Armour
 b - a +2 leather armour (worn)
Scrolls
 i - a scroll of blinking
Potions
 d - a potion of curing
 e - a potion of heal wounds
 f - a potion of haste
 g - 2 potions of magic
 h - a potion of berserk rage
Comestibles
 c - a bread ration


   Skills:
 O Level 27 Fighting
 O Level 27 Axes
 + Level 21.5 Throwing
 O Level 27 Armour
 O Level 27 Dodging
 + Level 26.4 Stealth
 + Level 23.0 Unarmed Combat
 + Level 21.4 Spellcasting
 + Level 24.6 Invocations


You had 63 spell levels left.
You didn't know any spells.

Dungeon Overview and Level Annotations

Branches:
Dungeon (1/1)

Altars:
Makhleb


Innate Abilities, Weirdness & Mutations

You are resistant to torment.
Your stone body is resilient. (AC +16)
You are immune to poison.
Your large and strong wings let you fly indefinitely.
You resist negative energy. (rN+)
You are resistant to electric shocks. (rElec)
You can survive without breathing.
You are immune to petrification.
You are immune to rotting.


Message History

Your Spellcasting skill increases to level 21!
You have reached level 22!
You are engulfed in roaring flames.
You hear a shout! x3
The bag of meat is engulfed in roaring flames.
You hear a shout! x2
The destroyer blinks!
An ogre and a hill giant come into view. 2 orcs come into view.
You hear a shout! x3
The meat berserker hits you with a +9 battleaxe.
You hear a shout! x2
The bag of meat hits you with a +9 war axe!
You hear a shout! x3
The destroyer is engulfed in roaring flames.
The destroyer hits you with a +9 great sword of slicing!!!!!
Ouch! That really hurt!
* * * LOW HITPOINT WARNING * * *
You die...
Xom snickers!

....#.......#O....#
###..........#_.<._#
##....#.o.....#.....#.
......§.#...).).._......
...........o))).###.....
.o.O.o..)o)###.......###
...oO.ooo§§..#.......#
.o.o..O)o)§..#..o....#
...#oo@V§§.C..C......
#o#o#o.............
..#C#.o..o........o.
..#o#.#..........
oo#.#.....#O.... ...
.......... ..# ....##.#.
.. .... ..


You could see a destroyer, 2 large bags of meat, 4 meat berserkers and 22 bags
of meat.

Vanquished Creatures
  8 ogres (D)
  16 orcs (D)
  A hill giant (D)
25 creatures vanquished.

Notes
Turn   | Place    | Note
-------+----------+-------------------------------------------
     0 | D        | Theye the Gargoyle Chaos Knight began the quest for the Orb.
     0 | D        | Reached XP level 1. HP: 14/14 MP: 1/1
     4 | D        | Fell from the grace of Xom
     4 | D        | Became a worshipper of Makhleb the Destroyer
     5 | D        | Noticed a meat berserker
     5 | D        | Noticed a bag of meat
     6 | D        | Noticed a bag of meat
     6 | D        | Noticed a bag of meat
     7 | D        | Noticed a bag of meat
     7 | D        | Noticed a meat berserker
     8 | D        | Killed a bag of meat
     8 | D        | Reached XP level 2. HP: 40/40 MP: 2/2
     8 | D        | Reached XP level 3. HP: 46/46 MP: 3/3
     8 | D        | Reached XP level 4. HP: 52/52 MP: 4/4
     8 | D        | Reached XP level 5. HP: 57/57 MP: 5/5
     8 | D        | Reached XP level 6. HP: 63/63 MP: 6/6
     8 | D        | Reached XP level 7. HP: 68/68 MP: 7/7
     8 | D        | Reached XP level 8. HP: 74/74 MP: 8/8
     8 | D        | Reached XP level 9. HP: 79/79 MP: 9/9
     8 | D        | Reached XP level 10. HP: 85/85 MP: 10/10
     8 | D        | Reached XP level 11. HP: 90/90 MP: 11/11
     8 | D        | Reached XP level 12. HP: 96/96 MP: 12/12
     8 | D        | Killed a bag of meat
     8 | D        | Reached * piety under Makhleb
     8 | D        | Reached XP level 13. HP: 106/106 MP: 13/13
     8 | D        | Noticed a bag of meat
     9 | D        | Noticed a meat berserker
     9 | D        | Noticed a bag of meat
     9 | D        | Killed a meat berserker
     9 | D        | Reached skill level 15 in Armour
     9 | D        | Gained mutation: Your large and strong wings let you fly indefinitely. [Gargoyle growth]
     9 | D        | Reached XP level 14. HP: 69/119 MP: 14/14
    10 | D        | Noticed a bag of meat
    10 | D        | Noticed a bag of meat
    10 | D        | Noticed a meat berserker
    10 | D        | Killed a meat berserker
    10 | D        | Reached skill level 27 in Fighting
    10 | D        | Reached XP level 15. HP: 101/127 MP: 15/15
    10 | D        | Reached ** piety under Makhleb
    10 | D        | Reached skill level 27 in Axes
    10 | D        | Reached XP level 16. HP: 133/133 MP: 16/16
    13 | D        | Killed a meat berserker
    13 | D        | Reached skill level 5 in Dodging
    13 | D        | Reached skill level 27 in Armour
    13 | D        | Reached XP level 17. HP: 139/139 MP: 17/17
    14 | D        | Noticed a large bag of meat
    15 | D        | Noticed a meat berserker
    15 | D        | Noticed a meat berserker
    16 | D        | Reached *** piety under Makhleb
    16 | D        | Killed a meat berserker
    16 | D        | Reached XP level 18. HP: 145/145 MP: 18/18
    17 | D        | Noticed a destroyer
    17 | D        | Noticed a meat berserker
    18 | D        | Killed a large bag of meat
    18 | D        | Reached **** piety under Makhleb
    18 | D        | Killed a meat berserker
    18 | D        | Reached skill level 27 in Dodging
    18 | D        | Reached skill level 5 in Throwing
    18 | D        | Reached skill level 5 in Spellcasting
    18 | D        | Reached XP level 19. HP: 151/151 MP: 18/27
    18 | D        | Reached skill level 10 in Stealth
    19 | D        | Noticed a meat berserker
    19 | D        | Noticed a large bag of meat
    19 | D        | Noticed a meat berserker
    19 | D        | Killed a meat berserker
    20 | D        | Noticed a large bag of meat
    21 | D        | Noticed a meat berserker
    21 | D        | Reached ***** piety under Makhleb
    21 | D        | Reached skill level 15 in Invocations
    21 | D        | Reached XP level 20. HP: 93/157 MP: 18/37
    21 | D        | Killed a meat berserker
    21 | D        | Reached skill level 15 in Throwing
    21 | D        | Reached skill level 15 in Spellcasting
    21 | D        | Reached XP level 21. HP: 163/163 MP: 18/42
    22 | D        | Noticed a meat berserker
    22 | D        | Killed a meat berserker
    22 | D        | Reached ****** piety under Makhleb
    22 | D        | Reached XP level 22. HP: 169/169 MP: 18/47
    23 | D        | HP: 8/169 [destroyer/+9 great sword of slicing (144)]
    23 | D        | Annihilated by a destroyer

Vault maps used:
D:        meatsprint

Skill      XL: |  1  2  3  4  5  6  7  8  9 10 11 12 13 14 15 16 17 18 19 20 21 |
---------------+----------------------------------------------------------------+-----
Fighting       | 19 22 25 27 | 27.0
Axes           | 17 19 22 25 27 | 27.0
Armour         | 11 13 15 17 19 27 | 27.0
Dodging        | 2 11 21 27 | 27.0
Throwing       | 5 13 17 21 | 21.5
Stealth        | 7 16 21 26 | 26.4
Unarmed Combat | 6 14 18 23 | 23.0
Spellcasting   | 5 13 17 21 | 21.4
Invocations    | 6 15 20 24 | 24.6

Action                   |  1- 3 |  4- 6 |  7- 9 | 10-12 | 13-15 | 16-18 | 19-21 | 22-24 || total
-------------------------+-------+-------+-------+-------+-------+-------+-------+-------++-------
Melee: Executioner's axe |     1 |       |       |       |     2 |     3 |     3 |       ||     9
Armor: Leather armour    |       |       |       |       |       |       |     2 |       ||     2
Dodge: Dodged            |       |       |       |       |       |       |     1 |       ||     1
